 Dungeon Crawl Stone Soup version 0.31-a0-981-geadf994542 (webtiles) character file.

Game seed: 13822278460561526328

742 lunkers the Digger (level 8, -4/57 HPs)
             Began as a Meteoran Earth Elementalist on Nov 1, 2023.
             Was a Follower of Ashenzari.
             Constricted to death by Maggie (6 damage)
             ... on level 6 of the Dungeon.
             The game lasted 00:03:30 (1957 turns).

lunkers the Digger (Meteoran Earth Elementalist)    Turns: 1957, Time: 00:03:30

Health: -4/57      AC:  2    Str:  9    XL:     8   Next: 25%
Magic:  0/17       EV:  9    Int: 19    God:    Ashenzari [*.....]
Gold:   232        SH:  0    Dex: 15    Spells: 8/18 levels left

rFire   + . .        o - +2 dagger (drain)
rCold   + . .        (no shield)
rNeg    . . .        a - +0 robe of the Ensconced Moon {Dev, Comp} (curse)
rPois   .            (no helmet)
rElec   .            u - scarf {rC+ rF+}
rCorr   .            (no gloves)
SInv    .            (no boots)
Will    +....        g - amulet "Ennui of Ashenzari" {Spirit, Comp, Alch} (curse)
Stlth   +            (no ring)
HPRegen 0.29/turn    (no ring)
MPRegen 0.15/turn

%: guardian spirit
@: grasped by roots, mesmerised, glowing, constricted
A: sense surroundings 1, otherworldly, glowing, explore regen
a: Renounce Religion, Shatter the Chains


You were on level 6 of the Dungeon.
You worshipped Ashenzari.
Ashenzari was aware of your devotion.
You visited 2 branches of the dungeon, and saw 7 of its levels.

You collected 232 gold pieces.

Inventory:

Hand Weapons
 o - a +2 dagger of draining (weapon)
 p - a +1 mace of protection
Missiles
 k - a throwing net
Armour
 a - the cursed +0 robe of the Ensconced Moon (worn) {Dev, Comp}

   It has a curse which improves the following skills: Devices: Evocations and
   Shapeshifting.
   Companions: Summonings and Necromancy.
 u - a scarf of resistance (worn)
Jewellery
 g - the cursed amulet "Ennui of Ashenzari" (around neck) {Spirit, Comp, Alch}
   (You found it on level 2 of the Dungeon)

   [amulet of guardian spirit]

   Spirit:    It causes incoming damage to be divided between your reserves of
   health and magic.
   It has a curse which improves the following skills: Companions: Summonings
   and Necromancy.
   Alchemy:   Poison Magic and Transmutations.
 s - a ring of fire
 v - a ring of flight
Wands
 j - a wand of polymorph (11)
 q - a wand of flame (17)
Scrolls
 h - 2 scrolls of noise
 r - a scroll of brand weapon
 t - 3 scrolls of teleportation
 w - a scroll of torment
Potions
 b - a potion of magic
 c - 2 potions of enlightenment
 d - a potion of berserk rage
 e - 2 potions of curing
 f - 3 potions of haste
 i - a potion of brilliance
 l - a potion of heal wounds
 m - a potion of mutation
 n - 2 potions of lignification


   Skills:
 - Level 2.1 Dodging
 - Level 1.4 Stealth
 + Level 5.5 Spellcasting
 * Level 5.1 Conjurations
 - Level 1.2(1.7) Transmutations
 * Level 7.8 Earth Magic


You had 8 spell levels left.
You knew the following spells:

 Your Spells              Type           Power      Damage    Failure   Level
a - Sandblast             Erth           68%        2d15      1%          1
b - Stone Arrow           Conj/Erth      58%        3d10      2%          3
c - Passwall              Tmut/Erth      19%        N/A       2%          2
d - Brom's Barrelling Bo  Conj/Erth      29%        2d5       9%          4

Your spell library contained the following spells:

 Spells                   Type           Power      Damage    Failure   Level
 Shock                    Conj/Air       56%        1d6       4%          1
 Petrify                  Tmut/Erth      23%        N/A       16%         4
 Animate Armour           Summ/Erth      40%        N/A       22%         4
 Swiftness                Air            5%         N/A       34%         3
 Airstrike                Air            2%         2d(1-17)  75%         4
 Lehudib's Crystal Spear  Conj/Erth      14%        10d5      100%        8


Dungeon Overview and Level Annotations

Branches:
Dungeon (6/15) Zot: 1738   Temple (1/1) D:4 Zot: 448

Altars:
Ashenzari
Cheibriados
Dithmenos
Elyvilon
Fedhas
Gozag
Hepliaklqana
Kikubaaqudgha
Makhleb
Nemelex Xobeh
Okawaru
Qazlal
Sif Muna
Trog
Uskayaw
Vehumet
Wu Jian
Xom
Yredelemnul
Zin
The Shining One

Shops:
D:1 *   D:5 !

Annotations:
D:6 Maggie
Temple 2 transporters


Innate Abilities, Weirdness & Mutations

You passively map a small area around you.
You are easily found by Zot.
You glow in the dark.
You regain HP and MP as you explore.


Message History

Aiming: Sandblast (safe; 1% risk of failure)
Press: ? - help, Q - select action, (/) - cycle Shift-Dir - straight line, f/p - Maggie
Aim: Maggie, wielding a +0 long sword, wearing +0 steam dragon scales and carrying a wand of roots (heavily wounded, mesmerising, 84% to hit)
The blast of sand misses Maggie.
A howler monkey comes into view.
Maggie hits you with a +0 long sword!
* * * LOW HITPOINT WARNING * * *
Unknown command.
Aiming: Sandblast (safe; 1% risk of failure)
Press: ? - help, Q - select action, (/) - cycle Shift-Dir - straight line, f/p - Maggie
Aim: Maggie, wielding a +0 long sword, wearing +0 steam dragon scales and carrying a wand of roots (heavily wounded, mesmerising, 84% to hit)
The blast of sand misses Maggie.
Maggie hits you with a +0 long sword.
* * * LOW MAGIC WARNING * * *
* * * LOW HITPOINT WARNING * * *
Maggie hits you with a +0 long sword!
* * * LOW MAGIC WARNING * * *
* * * LOW HITPOINT WARNING * * *
Unknown command.
Unknown command.
Aiming: Sandblast (safe; 1% risk of failure)
Press: ? - help, Q - select action, (/) - cycle Shift-Dir - straight line, f/p - Maggie
Aim: Maggie, wielding a +0 long sword, wearing +0 steam dragon scales and carrying a wand of roots (heavily wounded, mesmerising, 84% to hit)
The blast of sand hits Maggie.
Maggie is severely wounded.
* * * LOW MAGIC WARNING * * *
The howler monkey hoots and howls with incredible vigour!
Maggie hits you with a +0 long sword!
* * * LOW MAGIC WARNING * * *
* * * LOW HITPOINT WARNING * * *
Aiming: Sandblast (safe; 1% risk of failure)
Press: ? - help, Q - select action, (/) - cycle Shift-Dir - straight line, f/p - Maggie
Aim: Maggie, wielding a +0 long sword, wearing +0 steam dragon scales and carrying a wand of roots (severely wounded, mesmerising, 84% to hit)
The blast of sand hits Maggie.
Maggie is severely wounded.
* * * LOW MAGIC WARNING * * *
Maggie zaps a wand.
The roots erupt in riotous growth!
The grasping roots grab you!
Maggie is unaffected.
The grasping roots constrict you.
You die...

, , * , ,* ##* ..
, * .#* , .# , *
*.# * ,
##########@# *
......h<.@.# * ,
.................
#################
, , * *


You could see Maggie (mesmerising) and a howler monkey (catching breath).

Vanquished Creatures
  2 ogres
  A phantom (D:5)
  2 scorpions (D:5)
  A howler monkey (D:4)
  2 jellies
  3 orc priests (D:4)
  A sleepcap (D:4)
  An iguana (D:4)
  An orc wizard (D:4)
  6 adders
  4 worms
  9 orcs
  6 endoplasms
  3 goblins
  6 hobgoblins
  4 jackals (D:3)
  2 kobolds (D:4)
  4 ball pythons
  A bat (D:2)
59 creatures vanquished.

Vanquished Creatures (others)
  A human (D:4)
1 creature vanquished.

Grand Total: 60 creatures vanquished

Notes
Turn   | Place    | Note
-------+----------+-------------------------------------------
     0 | D:1      | lunkers the Meteoran Earth Elementalist began the quest for
                  | the Orb.
     0 | D:1      | Reached XP level 1. HP: 14/14 MP: 5/5
     7 | D:1      | Found Ysydwisu's Assorted Antiques.
    96 | D:1      | Reached XP level 2. HP: 20/20 MP: 4/6
   117 | D:1      | Reached skill level 4 in Earth Magic
   333 | D:2      | Reached XP level 3. HP: 25/26 MP: 1/8
   434 | D:2      | You fall into a shaft and drop 2 floors!
   463 | D:4      | Found a staircase to the Ecumenical Temple.
   499 | D:4      | Reached skill level 5 in Earth Magic
   499 | D:4      | Reached XP level 4. HP: 33/33 MP: 7/10
   501 | Temple   | Found a transporter.
   501 | Temple   | Found a transporter.
   501 | Temple   | Found a transporter.
   501 | Temple   | Found a transporter.
   501 | Temple   | Entered the Ecumenical Temple
   506 | Temple   | Learned a level 3 spell: Stone Arrow
   509 | Temple   | Learned a level 2 spell: Passwall
   514 | Temple   | Learned a level 4 spell: Brom's Barrelling Boulder
   529 | Temple   | Became a worshipper of Ashenzari the Shackled
   662 | D:4      | Reached XP level 5. HP: 38/38 MP: 7/12
   888 | D:3      | Found a shadowy altar of Dithmenos.
   980 | D:3      | Reached skill level 1 in Conjurations
  1062 | D:4      | Found a hazy altar of Hepliaklqana.
  1068 | D:4      | Reached skill level 6 in Earth Magic
  1068 | D:4      | Reached XP level 6. HP: 21/45 MP: 2/13
  1102 | D:4      | Found an ancient bone altar of Kikubaaqudgha.
  1105 | D:4      | Noticed a human
  1108 | D:4      | Killed a human
  1388 | D:4      | Reached XP level 7. HP: 47/50 MP: 9/15
  1418 | D:4      | Reached skill level 7 in Earth Magic
  1447 | D:5      | Entered Level 5 of the Dungeon
  1507 | D:5      | Reached * piety under Ashenzari
  1599 | D:5      | Found Teriw's Distillery.
  1642 | D:5      | Reached skill level 5 in Spellcasting
  1745 | D:5      | Found a radiant altar of Vehumet.
  1838 | D:5      | Reached XP level 8. HP: 57/57 MP: 13/16
  1876 | D:5      | Reached skill level 5 in Conjurations
  1949 | D:6      | Noticed Maggie
  1956 | D:6      | HP: 1/57 [Maggie/+0 long sword (11)]
  1957 | D:6      | Constricted to death by Maggie

Illustrated notes

Levels and vault maps discovered:
D:1:      minmay_arrival_five_plusses, layout_basic, serial_shops,
          nicolae_square_shop, chequers_serial_rivers_small_b
D:2:      layout_basic
D:3:      layout_loops_ring, overflow_temple_1_default, serial_aquarium,
          aquarium_bridge_long_separate [aquarium_subvault_bridge,
          aquarium_subvault_balcony, aquarium_subvault_bridge,
          aquarium_subvault_wall, aquarium_subvault_bridge,
          aquarium_subvault_bridge], aquarium_window_fake, aquarium_window_fake,
          aquarium_window_corridor_1, aquarium_view_2c, aquarium_pool_four
D:4:      wad_river_or_something, layout_basic,
          nicolae_hepliaklqana_hazy_memory, tgw_kikubaaqudgha,
          minmay_temple_entry_large_hall
D:5:      layout_basic, mainiacjoe_overflow_paths, serial_shops, shop
D:6:      layout_loops_ring, serial_shops, nicolae_square_shop,
          hangedman_abyss_or_decor_lesser_grid, uniq_eustachio, uniq_maggie
Temple:   hellmonk_temple_divided_pantheon

Skill      XL: |  1  2  3  4  5  6  7  8 |
---------------+-------------------------+-----
Earth Magic    | 4 5 6 7 |  7.8
Spellcasting   | 3 4 5 |  5.5
Conjurations   | 1 3 4 5 |  5.1
Dodging        | |  2.1
Stealth        | |  1.4
Transmutations | |  1.2

Action                     |  1- 3 |  4- 6 |  7- 9 || total
---------------------------+-------+-------+-------++-------
   Cast: Sandblast         |    24 |    54 |    32 ||   110
 Invoke: Curse Item        |       |     1 |     1 ||     2
    Use: Scroll            |       |     9 |       ||     9
 Armour: Robe              |     2 |    13 |     9 ||    24
  Dodge: Dodged            |     7 |     7 |     2 ||    16

Table legend: (Time is in decaauts)
 A = Elapsed time spent in this place.
 B = Non-inter-level travel time spent in this place.
 C = Inter-level travel time spent in this place.
 D = Time resting spent in this place.
 E = Time spent auto-exploring this place.
 F = Levels seen in this place.
 G = Mean time per level.
                   A        B        C        D        E       F      G
               +--------+--------+--------+--------+--------+-----+--------+
         Total |   2011 |   1950 |     61 |    100 |   1356 |   7 |  287.3 |
       Dungeon |   1859 |   1798 |     61 |      0 |   1356 |   6 |  309.8 |
        Temple |    151 |    151 |      0 |    100 |      0 |   1 |  151.0 |
               +--------+--------+--------+--------+--------+-----+--------+

Top non-repeatable levels by time:
     D:4: 509 daAuts
     D:5: 508 daAuts
     D:3: 385 daAuts
     D:1: 227 daAuts
     D:2: 216 daAuts
  Temple: 151 daAuts
     D:6: 13 daAuts
